 Dungeon Crawl Stone Soup version 0.22.1-1-ga44c0e56f4 (webtiles) character file.

2067 Nixze the Thaumaturge (level 9, -1/45 HPs)
             Began as a Deep Elf Ice Elementalist on Nov 1, 2018.
             Was a Believer of Vehumet.
             Slain by a yak (17 damage)
             ... on level 6 of the Dungeon.
             The game lasted 00:22:28 (6494 turns).

Nixze the Thaumaturge (Deep Elf Ice Elementalist)   Turns: 6494, Time: 00:22:29

Health: -1/45      AC:  6    Str: 10    XL:     9   Next: 5%
Magic:  15/24      EV: 20    Int: 28    God:    Vehumet [**....]
Gold:   126        SH:  0    Dex: 15    Spells: 11/26 levels left

rFire    . . .     SeeInvis .   z - +9 dagger "Bohuph" {elec, rPois MR- Str+5}
rCold    . . .     Gourm    .   (no shield)
rNeg     . . .     Faith    +   a - +0 robe
rPois    +         Spirit   .   m - +1 helmet "Faob Etio" {rCorr Int+4}
rElec    .         Reflect  .   s - +1 cloak
rCorr    +         Harm     .   (no gloves)
MR       .....                  (no boots)
Stlth    +++.......             l - amulet of faith
HPRegen  0.15/turn              u - ring of poison resistance
MPRegen  0.19/turn              x - +5 ring of evasion

@: no status effects
A: no striking features
a: Renounce Religion


You were on level 6 of the Dungeon.
You worshipped Vehumet.
Vehumet was pleased with you.
You were very hungry.

You visited 1 branch of the dungeon, and saw 7 of its levels.

You collected 473 gold pieces.
You spent 347 gold pieces at shops.

Inventory:

Hand Weapons
 j - a +2 dagger of venom
 z - the +9 dagger "Bohuph" (weapon) {elec, rPois MR- Str+5}
   (You found it on level 5 of the Dungeon)

   Occasionally, upon striking a foe, it will discharge some electrical energy
   and cause terrible harm.
   It affects your strength (+5).
   It protects you from poison.
   It affects your resistance to hostile enchantments.
Armour
 a - a +0 robe (worn)
 m - the +1 helmet "Faob Etio" (worn) {rCorr Int+4}
   (You bought it in a shop on level 5 of the Dungeon)

   It affects your intelligence (+4).
   It provides partial protection from all sources of acid and corrosion.
 s - a +1 cloak (worn)
Jewellery
 l - an amulet of faith (around neck)
 u - a ring of poison resistance (left hand)
 x - a +5 ring of evasion (right hand)
 C - a +1 ring of protection {unknown}
Wands
 y - a wand of digging (4)
 A - a wand of paralysis (16)
Scrolls
 b - a scroll of enchant weapon {unknown}
 e - 2 scrolls of amnesia {unknown}
 o - 3 scrolls of identify
 v - a scroll of magic mapping {unknown}
 w - a scroll of enchant armour {unknown}
 B - a scroll of fear
Potions
 d - 2 potions of brilliance {unknown}
 f - a potion of invisibility {unknown}
 g - 2 potions of haste {unknown}
 h - 2 potions of degeneration {unknown}
 i - a potion of resistance {unknown}
 k - 2 potions of agility {unknown}
 n - 4 potions of curing {unknown}
 p - a potion of flight {unknown}
 r - a potion of cancellation {unknown}
 t - 2 potions of magic {unknown}
Comestibles
 c - 16 rations


   Skills:
 + Level 4.9 Dodging
 - Level 5.0 Stealth
 + Level 9.0 Spellcasting
 + Level 3.7 Conjurations
 + Level 4.5 Charms
 - Level 3.0 Summonings
 + Level 7.8 Ice Magic


You had 11 spell levels left.
You knew the following spells:

 Your Spells              Type           Power        Failure   Level  Hunger
a - Freeze                Ice            ####         1%          1    None
b - Ozocubu's Armour      Chrm/Ice       #####...     1%          3    None
c - Throw Frost           Conj/Ice       #####.       1%          2    None
d - Summon Ice Beast      Ice/Summ       #####...     4%          4    None
e - Throw Icicle          Conj/Ice       #####...     4%          4    None
f - Sting                 Conj/Pois      ###.         1%          1    None

Your spell library contained the following spells:

 Spells                   Type           Power        Failure   Level  Hunger
 Searing Ray              Conj           ####..       1%          2    None


Dungeon Overview and Level Annotations

Branches:
Dungeon (7/15)             Temple (0/1) D:4

Altars:
Elyvilon
Gozag
Makhleb
Qazlal
Ru
Vehumet
Xom
Yredelemnul
The Shining One

Shops:
D:5 **[==   D:6 *   D:7 :


Message History

You freeze the yak.
The yak is moderately wounded.
The yak closely misses you. The yak gores you but does no damage.
Casting: Freeze (safe; 1% risk of failure)
Confirm with . or Enter, or press ? or * to list all spells.
Aiming: Freeze (safe; 1% risk of failure)
Press: ? - help, Shift-Dir - straight line, f/p - yak
Aim: a yak (moderately wounded)
You freeze the yak.
The yak is heavily wounded.
The yak misses you. The yak gores you! The yak completely misses you.
The yak gores you but does no damage.
Your icy armour cracks and falls away as you move.
You climb upwards.
There is a stone staircase leading down here.
Casting: Freeze (safe; 1% risk of failure)
Confirm with . or Enter, or press ? or * to list all spells.
A chill wind blows around you. The yak gores you. The yak barely misses you.
The yak closely misses you. The yak gores you!
You die...

#....##...## #...........#
#.....###..####..........<#
#.....###.....#.#........###
#...#.......................
##.##.######..............##
#.##.####................##
#..#.....................##
##........................#
##....##Y@.Y..............
#......Y#....#...........
#.#....##....#.......#(#. #######
#....#.........#####....# ......#
#...#####......# ##.#..
......###..............######...#
......##...#..###.<..............
.....)...####..##.........#......
.................................


You could see 2 yaks and a friendly ice beast.

Vanquished Creatures
  2 hippogriffs
  Sigmund (D:3)
  A yak (D:7)
  A water moccasin (D:5)
  An ice beast (D:7)
  2 ogres
  A centaur (D:7)
  A wight (D:7)
  A howler monkey (D:4)
  A bullfrog zombie (D:6)
  4 hounds
  A bullfrog skeleton (D:6)
  2 jellies
  3 orc priests
  Crazy Yiuf (D:2)
  An iguana (D:5)
  4 orc wizards
  4 worker ants
  A hound zombie (D:4)
  8 adders
  An adder zombie (D:6)
  A worm (D:4)
  A dart slug (D:2)
  3 leopard geckos
  24 orcs
  6 bats
  4 giant cockroaches
  4 hobgoblins
  2 jackals (D:2)
  5 kobolds
  6 quokkas
  A ball python (D:2)
  6 frilled lizards
  4 goblins
  A jackal skeleton (D:4)
  9 rats
119 creatures vanquished.

Vanquished Creatures (collateral kills)
  2 yaks (D:7)
  A black bear (D:7)
  An ogre (D:4)
  A wight (D:7)
  A worker ant (D:7)
  A giant cockroach zombie (D:5)
  A quokka skeleton (D:5)
8 creatures vanquished.

Grand Total: 127 creatures vanquished

Notes
Turn   | Place    | Note
-------+----------+-------------------------------------------
     0 | D:1      | Nixze the Deep Elf Ice Elementalist began the quest for the
                  | Orb.
     0 | D:1      | Reached XP level 1. HP: 10/10 MP: 6/6
   299 | D:1      | Reached XP level 2. HP: 15/15 MP: 5/8
   821 | D:2      | Found a white marble altar of Elyvilon.
   836 | D:2      | Reached skill level 4 in Spellcasting
   898 | D:2      | Reached XP level 3. HP: 19/19 MP: 7/10
  1024 | D:2      | Found a runed door.
  1335 | D:2      | Learned a level 3 spell: Ozocubu's Armour
  1338 | D:2      | Learned a level 2 spell: Throw Frost
  1338 | D:2      | Noticed Crazy Yiuf
  1346 | D:2      | Killed Crazy Yiuf
  1346 | D:2      | Reached XP level 4. HP: 1/24 MP: 0/12
  1668 | D:3      | Noticed Sigmund
  1719 | D:3      | Noticed a hippogriff
  2000 | D:3      | Found a burning altar of Makhleb.
  2003 | D:3      | Reached skill level 5 in Spellcasting
  2046 | D:3      | Killed Sigmund
  2046 | D:3      | Reached skill level 6 in Spellcasting
  2046 | D:3      | Reached skill level 5 in Ice Magic
  2046 | D:3      | Reached XP level 5. HP: 28/28 MP: 4/15
  2046 | D:3      | Reached XP level 6. HP: 32/32 MP: 4/17
  2174 | D:2      | Killed a hippogriff
  2174 | D:2      | Reached skill level 7 in Spellcasting
  2529 | D:3      | Reached XP level 7. HP: 28/36 MP: 11/19
  2862 | D:3      | Found a radiant altar of Vehumet.
  2862 | D:3      | Found a shimmering altar of Xom.
  2925 | D:3      | Became a worshipper of Vehumet
  3016 | D:3      | Found a glowing golden altar of the Shining One.
  3255 | D:4      | Learned a level 4 spell: Summon Ice Beast
  3260 | D:4      | Learned a level 4 spell: Throw Icicle
  3470 | D:4      | Found a staircase to the Ecumenical Temple.
  3544 | D:4      | Reached skill level 1 in Summonings
  3612 | D:4      | Reached skill level 1 in Charms
  3811 | D:4      | Reached * piety under Vehumet
  3811 | D:4      | Offered knowledge of Sting by Vehumet.
  3814 | D:4      | Learned a level 1 spell: Sting
  3821 | D:4      | Found a stormy altar of Qazlal.
  3932 | D:4      | Found an opulent altar of Gozag.
  4107 | D:5      | Entered Level 5 of the Dungeon
  4107 | D:5      | Found Ifeosm's General Store.
  4142 | D:5      | Found Ofoitoiz's Antique Armour Emporium.
  4150 | D:5      | Bought a translucent helmet for 237 gold pieces
  4160 | D:5      | Identified the +1 helmet "Faob Etio" {rCorr Int+4} (You
                  | bought it in a shop on level 5 of the Dungeon)
  4263 | D:5      | Reached skill level 8 in Spellcasting
  4379 | D:5      | Found a basalt altar of Yredelemnul.
  4403 | D:5      | Found a sacrificial altar of Ru.
  4462 | D:5      | Found Erphene's Assorted Antiques.
  4518 | D:5      | Bought a bone ring for 110 gold pieces
  4547 | D:5      | Reached XP level 8. HP: 41/41 MP: 20/22
  4575 | D:5      | Found Nimolig's Jewellery Boutique.
  4723 | D:5      | Got a scorched dagger
  4724 | D:5      | Identified the +9 dagger "Bohuph" {elec, rPois MR- Str+5}
                  | (You found it on level 5 of the Dungeon)
  4833 | D:5      | Found Isuate's Jewellery Shoppe.
  5418 | D:6      | Found Fojouso's Assorted Antiques.
  5887 | D:7      | Found Qulussiq's Book Shop.
  5894 | D:7      | Noticed a hippogriff
  5900 | D:7      | Killed a hippogriff
  5932 | D:7      | Reached ** piety under Vehumet
  6082 | D:7      | Offered knowledge of Searing Ray by Vehumet.
  6251 | D:7      | Reached XP level 9. HP: 41/45 MP: 5/23
  6255 | D:7      | Reached skill level 5 in Stealth
  6257 | D:7      | Reached skill level 9 in Spellcasting
  6494 | D:6      | Slain by a yak

Skill      XL: |  1  2  3  4  5  6  7  8  9 |
---------------+----------------------------+-----
Spellcasting   | 4 6 7 8 9 |  9.0
Ice Magic      | 4 5 6 7 |  7.8
Summonings     | 2 3 |  3.0
Charms         | 2 4 |  4.5
Stealth        | 3 4 5 |  5.0
Dodging        | 3 4 |  4.9
Conjurations   | 2 3 |  3.7

Action                   |  1- 3 |  4- 6 |  7- 9 || total
-------------------------+-------+-------+-------++-------
Melee: Unarmed           |     2 |       |       ||     2
       Club              |     5 |     2 |    15 ||    22
       Dagger            |       |       |    13 ||    13
 Cast: Freeze            |    57 |    44 |   140 ||   241
       Throw Frost       |     1 |     7 |    11 ||    19
       Ozocubu's Armour  |     1 |     1 |     4 ||     6
       Sting             |       |       |    57 ||    57
       Summon Ice Beast  |       |       |    17 ||    17
  Use: Scroll            |       |     5 |     3 ||     8
 Stab: Sleeping          |       |       |     1 ||     1
  Eat: Chunk             |     1 |     4 |    11 ||    16
Armor: Robe              |     8 |    11 |    39 ||    58
Dodge: Dodged            |    33 |    40 |   166 ||   239
